 Dungeon Sprint DCSS version 0.29-a0-653-gd47aff6735 (webtiles) character file.

Game seed: 10652515154122685382

3439 purpskrrrp the Brawler (level 9, -3/102 HPs)
             Began as a Troll Berserker on June 22, 2022.
             Was a High Priest of Trog.
             Slain by a tentacle (4 damage)
             ... attached to a kraken
             ... in the Dungeon (Sprint II: "The Violet Keep of Menkaure").
             The game lasted 00:10:07 (806 turns).

purpskrrrp the Brawler (Troll Berserker)             Turns: 806, Time: 00:10:08

Health: -3/102     AC:  8    Str: 31    XL:     9   Next: 77%
Magic:  8/8        EV: 11    Int:  3    God:    Trog [*****.]
Gold:   115        SH:  0    Dex:  7    Spells: 8/8 levels left

rFire   . . .      SeeInvis +     - Unarmed
rCold   . . .      Faith    +   (no shield)
rNeg    . . .      Spirit   .   k - +2 troll leather armour
rPois   .          Reflect  .   (helmet restricted)
rElec   .          Harm     .   (no cloak)
rCorr   .          Rampage  .   (gloves unavailable)
Will    .....      NoTele   +   (boots unavailable)
Stlth   +.........              d - amulet of faith
HPRegen 1.87/turn               h - ring of see invisible
MPRegen 0.11/turn               (no ring)

@: on berserk cooldown, slowed, very slow
A: large, unfitting armour, claws 3, regeneration 1, shaggy fur 1, tough skin 1,
clumsy 1
a: Renounce Religion, Berserk, Trog's Hand, Brothers in Arms


You were in the Dungeon.
You worshipped Trog.
Trog was extremely pleased with you.
You visited 1 branch You collected 1053 gold pieces.
You spent 938 gold pieces at shops.

Inventory:

Armour
 a - a +0 animal skin
 k - a +2 troll leather armour (worn)
Jewellery
 d - an amulet of faith (around neck)
 h - a ring of see invisible (left claw)
Scrolls
 g - a scroll of blinking
 j - a scroll of fear
Potions
 b - a potion of curing
 c - a potion of heal wounds
 e - 2 potions of magic
 f - a potion of berserk rage
 i - a potion of might


   Skills:
 + Level 10.3 Fighting
 + Level 0.1 Armour
 + Level 10.3 Dodging
 + Level 1.3 Stealth
 + Level 15.6 Unarmed Combat


You had 8 spell levels left.
You didn't know any spells.
Your spell library was empty.

Dungeon Overview and Level Annotations

Branches:
Dungeon (1/1)

Altars:
Cheibriados
Dithmenos
Elyvilon
Hepliaklqana
Kikubaaqudgha
Makhleb
Qazlal
Ru
Sif Muna
Trog
Uskayaw
Vehumet
Wu Jian
Xom
Yredelemnul
Zin
The Shining One
Beogh
Jiyva
Lugonu

Shops:
D ??:=[!!![:([(=*

Annotations:
D exclusions: oklob plant and orange crystal statue


Innate Abilities, Weirdness & Mutations

You are too large for most types of armour.
You have claws for hands.
Your natural rate of healing is unusually fast.
You are covered in fur. (AC +1)
You have tough skin. (AC +1)
You are clumsy. (Dex -2)


Message History

The tentacle is moderately wounded.
The tentacle slaps you!!
You claw the tentacle!
The tentacle is heavily wounded.
The tentacle misses you.
You mangle the tentacle!!
The tentacle is almost dead.
The tentacle closely misses you. The tentacle slaps you!!
You mangle the tentacle!!
You kill the tentacle!
The tentacle barely misses you.
You mangle the tentacle!!
The tentacle is heavily wounded.
The tentacle closely misses you.
You mangle the tentacle!!
You kill the tentacle!
You are no longer berserk.
You are exhausted.
You feel yourself slow down.
Tentacles burst out of the water!
The kraken completely misses you. 4 tentacles come into view.
You claw the kraken!
The kraken is severely wounded.
The kraken bites you!!!
* * * LOW HITPOINT WARNING * * *
The tentacle closely misses you. The tentacle slaps you!
* * * LOW HITPOINT WARNING * * *
The kraken squirts a massive cloud of ink into the water!
The tentacle slaps you but does no damage. x2
The tentacle slaps you but does no damage.
The tentacle slaps you!!
* * * LOW HITPOINT WARNING * * *
The tentacle slaps you.
* * * LOW HITPOINT WARNING * * *
The kraken squirts a massive cloud of ink into the water!
The tentacle slaps you.
* * * LOW HITPOINT WARNING * * *
The kraken squirts a massive cloud of ink into the water!
The tentacle slaps you.
You die...

#. ▓[?!)[??!▓▓ +.###
}▓?(("[!!?▓▓
...####▓$)!!)$)?▓▓
#..##.#▓!!):(!([▓▓
+..#†)#▓)$??[[$=▓▓
#.^#..#▓):?:($?[▓▓
###..##†#▓!"?([!$)▓▓
.###^..##▓▓▓▓▓▓▓@▓▓▓▓+▓
§..≈≈≈≈≈≈≈≈§§§§§.wwXw≈▓
.§§≈#+########+###V§w≈▓
§..§#._._._..#S§≈##§§≈▓
≈≈.≈#.._._._.#S≈§≈####▓
§§≈≈#._._._._#§≈≈≈≈#
§§≈≈#_._._._.#§§§≈≈≈
§≈≈≈#._._._..#§≈≈≈§§
##≈≈#_._._...#§§≈≈§≈


You could see a kraken and 4 tentacles.

Vanquished Creatures
  2 boulder beetles (D)
  A merfolk siren (D)
  A yaktaur (D)
  3 polar bears (D)
  A hornet (D)
  4 neqoxecs (D)
  A water moccasin (D)
  4 necrophages (D)
  3 tentacles (D)
20 creatures vanquished.

Vanquished Creatures (others)
  Menkaure (D)
  A water moccasin (D)
  A tentacle (D)
3 creatures vanquished.

Grand Total: 23 creatures vanquished

Notes
Turn   | Place    | Note
-------+----------+-------------------------------------------
     0 | D        | purpskrrrp the Troll Berserker began the quest for the Orb.
     0 | D        | Reached XP level 1. HP: 22/22 MP: 0/0
     1 | D        | Noticed a neqoxec
     4 | D        | Gained mutation: You are weak. (Str -2) [a neqoxec]
     6 | D        | Noticed a neqoxec
     7 | D        | Killed a neqoxec
     8 | D        | Reached skill level 5 in Fighting
     8 | D        | Reached skill level 5 in Dodging
     8 | D        | Reached skill level 6 in Unarmed Combat
     8 | D        | Reached XP level 2. HP: 35/35 MP: 1/1
     8 | D        | Reached XP level 3. HP: 42/42 MP: 2/2
     8 | D        | Reached XP level 4. HP: 50/50 MP: 3/3
     8 | D        | Reached XP level 5. HP: 57/57 MP: 4/4
     9 | D        | Noticed a neqoxec
    12 | D        | Killed a neqoxec
    13 | D        | Reached skill level 8 in Unarmed Combat
    17 | D        | Killed a neqoxec
    17 | D        | Reached ** piety under Trog
    18 | D        | Reached skill level 9 in Unarmed Combat
    18 | D        | Reached XP level 6. HP: 71/71 MP: 5/5
    19 | D        | Noticed a neqoxec
    20 | D        | Noticed an orange crystal statue
    21 | D        | Lost mutation: You are weak. (Str -2) [a neqoxec]
    25 | D        | Gained mutation: You are clumsy. (Dex -2) [a neqoxec]
    28 | D        | Killed a neqoxec
    29 | D        | Reached XP level 7. HP: 66/78 MP: 6/6
   141 | D        | Killed Menkaure
   278 | D        | Reached skill level 10 in Unarmed Combat
   284 | D        | Reached *** piety under Trog
   435 | D        | Noticed a merfolk siren
   446 | D        | Killed a merfolk siren
   447 | D        | Reached skill level 11 in Unarmed Combat
   447 | D        | Reached XP level 8. HP: 84/89 MP: 7/7
   460 | D        | Noticed a boulder beetle
   460 | D        | Noticed a boulder beetle
   463 | D        | Killed a boulder beetle
   463 | D        | Reached **** piety under Trog
   464 | D        | Reached skill level 13 in Unarmed Combat
   469 | D        | Killed a boulder beetle
   470 | D        | Reached skill level 14 in Unarmed Combat
   470 | D        | Reached XP level 9. HP: 98/101 MP: 8/8
   551 | D        | Found Het Mavo's Antique Weapon Shop.
   551 | D        | Found Itaagyw's Antique Weapon Shop.
   551 | D        | Found Syor's Armour Boutique.
   551 | D        | Found Mishrit's Assorted Antiques.
   551 | D        | Found Weskierr's Book Boutique.
   551 | D        | Found Mouph's Antique Armour Boutique.
   552 | D        | Found Reepueg's Distillery.
   552 | D        | Found Duyntabo's Distillery.
   552 | D        | Found Buhor's Jewellery Boutique.
   553 | D        | Found Jiofemar's Distillery.
   555 | D        | Found Olouj's Antique Armour Boutique.
   555 | D        | Found Ziqoipni's Jewellery Shop.
   555 | D        | Noticed an oklob plant
   556 | D        | Found Qounulo's Magic Scroll Shop.
   556 | D        | Found Kuleozycs's Magic Scroll Boutique.
   556 | D        | Found Omuehuz's Book Shoppe.
   591 | D        | Bought an amulet of faith for 400 gold pieces
   598 | D        | Bought an ivory ring for 90 gold pieces
   598 | D        | Bought a scroll labelled VAMMAG OKI for 18 gold pieces
   598 | D        | Bought a scroll labelled TOUWIS ACO for 18 gold pieces
   605 | D        | Bought a potion of might for 52 gold pieces
   606 | D        | Bought a glowing troll leather armour for 360 gold pieces
   654 | D        | Found a glowing silver altar of Zin.
   660 | D        | Found a radiant altar of Vehumet.
   661 | D        | Found a glowing golden altar of the Shining One.
   661 | D        | Found a basalt altar of Yredelemnul.
   661 | D        | Found a hide-covered altar of Uskayaw.
   662 | D        | Found a shimmering altar of Xom.
   662 | D        | Found a bloodstained altar of Trog.
   662 | D        | Found a burning altar of Makhleb.
   663 | D        | Found an ornate altar of the Wu Jian Council.
   663 | D        | Found a shimmering blue altar of Sif Muna.
   663 | D        | Found a corrupted altar of Lugonu.
   664 | D        | Found a sacrificial altar of Ru.
   664 | D        | Found an ancient bone altar of Kikubaaqudgha.
   664 | D        | Found a white marble altar of Elyvilon.
   665 | D        | Found a stormy altar of Qazlal.
   665 | D        | Found a viscous altar of Jiyva.
   665 | D        | Found a shadowy altar of Dithmenos.
   666 | D        | Found a hazy altar of Hepliaklqana.
   666 | D        | Found a snail-covered altar of Cheibriados.
   668 | D        | Noticed a yaktaur
   668 | D        | Noticed a polar bear
   668 | D        | Noticed a polar bear
   671 | D        | Killed a polar bear
   672 | D        | Reached skill level 10 in Fighting
   672 | D        | Reached skill level 10 in Dodging
   672 | D        | Reached skill level 1 in Stealth
   673 | D        | Reached ***** piety under Trog
   675 | D        | Killed a polar bear
   675 | D        | Noticed a polar bear
   676 | D        | Reached skill level 15 in Unarmed Combat
   678 | D        | Killed a polar bear
   679 | D        | Killed a yaktaur
   786 | D        | Noticed a kraken
   805 | D        | HP: 4/102 [tentacle[a kraken] (2)]
   806 | D        | HP: 1/102 [tentacle[a kraken] (6)]
   806 | D        | Slain by a tentacle

Illustrated notes

Levels and vault maps discovered:
D:        the_violet_keep_of_menkaure [sprint2_stairs_cluster_1,
          sprint2_shoproom, sprint2_temple, sprint2_basic_supplies,
          sprint2_obstacle_4, sprint2_obstacle_5, sprint2_obstacle_1,
          sprint2_obstacle_6, sprint2_obstacle_2, sprint2_timed_cluster_1,
          sprint2_smallroom_cluster_1, sprint2_smallroom_final_cluster_1,
          sprint2_transparent_cluster_1, sprint2_second_timed_cluster_1,
          sprint2_sniper_area_1, sprint2_heavy_combat_area_1,
          sprint2_mutation_trap_area_1, sprint2_forest_area_1,
          sprint2_light_combat_area_1, sprint2_behind_water_1,
          sprint2_near_end_vault_1]

Skill      XL: |  1  2  3  4  5  6  7  8  9 |
---------------+----------------------------+-----
Fighting       | 5 7 8 9 10 | 10.3
Dodging        | 5 7 8 9 10 | 10.3
Unarmed Combat | 6 9 11 14 15 | 15.6
Stealth        | 1 |  1.3
Armour         | |  0.1

Action                   |  1- 3 |  4- 6 |  7- 9 || total
-------------------------+-------+-------+-------++-------
Melee: Unarmed           |     5 |    12 |    55 ||    72
       Punch             |       |       |     8 ||     8
Invok: Berserk           |     1 |       |     4 ||     5
       Trog's Hand       |       |     1 |       ||     1
  Use: Potion            |       |     1 |       ||     1
       Scroll            |       |       |     1 ||     1
Armor: Animal skin       |       |     2 |       ||     2
       Troll leather arm |       |       |     6 ||     6
Dodge: Dodged            |     1 |     1 |    15 ||    17

Table legend: (Time is in decaauts)
 A = Elapsed time spent in this place.
 B = Non-inter-level travel time spent in this place.
 C = Inter-level travel time spent in this place.
 D = Time resting spent in this place.
 E = Time spent auto-exploring this place.
 F = Levels seen in this place.
 G = Mean time per level.
                   A        B        C        D        E       F      G
               +--------+--------+--------+--------+--------+-----+--------+
         Total |    813 |    755 |     58 |    584 |      0 |   1 |  813.0 |
       Dungeon |    813 |    755 |     58 |    584 |      0 |   1 |  813.0 |
               +--------+--------+--------+--------+--------+-----+--------+

Top non-repeatable levels by time:
       D: 813 daAuts
